 Dungeon Crawl Stone Soup version 0.28.0-53-g5a82cb258f (webtiles) character file.

Game seed: 17089483635764471106

5116 Wobbu the Destroyer (level 10, -9/67 HPs)
             Began as a Naga Hedge Wizard on July 29, 2022.
             Was a High Priest of Ru.
             Mangled by a komodo dragon (22 damage)
             ... on level 1 of the Lair of Beasts.
             The game lasted 00:28:05 (12618 turns).

Wobbu the Destroyer (Naga Hedge Wizard)            Turns: 12618, Time: 00:28:06

Health: -9/67      AC: 15    Str: 12    XL:     10   Next: 58%
Magic:  6/21       EV:  9    Int: 18    God:    Ru [*****.]
Gold:   674        SH:  0    Dex: 10    Spells: 12/28 levels left

rFire   + + .      SeeInvis +   a - +3 Elemental Staff {rElec rF++ rC++ AC+5}
rCold   + + .      Faith    .   (no shield)
rNeg    . . .      Spirit   .   k - +2 leather armour {rPois}
rPois   +          Reflect  .   c - +0 hat
rElec   +          Harm     .   h - scarf {shadows}
rCorr   .          Rampage  .   (no gloves)
Will    +....                   (no barding)
Stlth   ++........              (no amulet)
HPRegen 0.21/turn               d - ring of wizardry
MPRegen 0.17/turn               g - +4 ring of protection

@: exhausted, on blink cooldown, unable to read, very slow
A: AC +3, large, see invisible, deformed body, frail 1, poison resistance,
slowness 2, spit poison 1, inability to read while threatened, inability to use
devices, naga tail 1, dopey 1, low MP 1
a: Spit Poison, Renounce Religion, Sacrifice Arcana, Sacrifice Skill, Sacrifice
Stealth, Reject Sacrifices, Draw Out Power, Power Leap, Apocalypse


You were on level 1 of the Lair of Beasts.
You worshipped Ru.
Ru was extremely pleased with you.
You visited 2 branches of the dungeon, and saw 10 of its levels.

You collected 674 gold pieces.

Inventory:

Hand Weapons
 a - the +3 Elemental Staff (weapon) {rElec rF++ rC++ AC+5}
   (You acquired it on level 6 of the Dungeon)

   If the wielder is skilled in Evocations, they can discharge powerful blasts
   of elemental energy when striking with it.
   It enhances your fire, ice, earth and air magic.
   AC:        It affects your AC (+5).
   rF:        It greatly protects you from fire.
   rC:        It greatly protects you from cold.
   rElec:     It insulates you from electricity.
 r - a +1 dagger of holy wrath
Missiles
 n - a throwing net
 o - 8 curare-tipped darts
 s - 13 poisoned darts
Armour
 c - a +0 hat (worn)
 h - a scarf of shadows (worn)
 k - a +2 leather armour of poison resistance (worn)
Jewellery
 b - a ring of ice
 d - a ring of wizardry (left hand)
 g - a +4 ring of protection (right hand)
 l - a ring of fire
 m - a ring of willpower
 t - a +4 ring of protection
 w - a +4 ring of protection
Scrolls
 e - 2 scrolls of teleportation
 f - 3 scrolls of identify
 i - a scroll of magic mapping
 p - 2 scrolls of enchant armour {unknown}
 v - 3 scrolls of noise {unknown}
Potions
 q - a potion of attraction


   Skills:
 + Level 4.0 Staves
 - Level 1.5 Dodging
 - Level 3.0 Stealth
 + Level 9.7 Spellcasting
 + Level 10.1 Conjurations
 - Level 1.0 Summonings
 - Level 1.0 Translocations
 - Level 3.0 Air Magic
 - Level 3.0 Poison Magic


You had 12 spell levels left.
You knew the following spells:

 Your Spells              Type           Power      Damage    Failure   Level
a - Magic Dart            Conj           100%       1d8       1%          1
b - Slow                  Hex            32%        N/A       4%          1
c - Blink                 Tloc           24%        N/A       4%          2
d - Call Imp              Summ           12%        N/A       4%          2
e - Apportation           Tloc           24%        N/A       2%          1
f - Conjure Flame         Conj/Fire      40%        6-21      1%          3
g - Tukima's Dance        Hex            8%         N/A       12%         3
h - Mephitic Cloud        Conj/Pois/Air  42%        N/A       1%          3

Your spell library contained the following spells:

 Spells                   Type           Power      Damage    Failure   Level
 Anguish                  Hex/Necr       4%         N/A       38%         4
 Alistair's Intoxication  Tmut/Pois      9%         N/A       50%         5
 Enfeeble                 Hex            4%         N/A       100%        7


Dungeon Overview and Level Annotations

Branches:
Dungeon (9/15)             Temple (0/1) D:6            Lair (1/6) D:9
    Orc: D:9-12

Altars:
Ashenzari
Cheibriados
Fedhas
Gozag
Nemelex Xobeh
Qazlal
Ru
Uskayaw
Wu Jian
Xom

Annotations:
D:4 Pikel


Innate Abilities, Weirdness & Mutations

Your serpentine skin is tough. (AC +3)
You have supernaturally acute eyesight. (SInv)
Armour fits poorly on your strangely shaped body.
You are frail. (-10% HP)
Your system is resistant to poisons. (rPois)
You cover ground very slowly.
You can spit poison.
You sometimes lose the ability to read scrolls when taking damage.
You cannot study or use magical devices.
You have a snake-like lower body.
You are dopey. (Int -2)
Your magical capacity is low. (-10% MP)


Message History

The wolf is engulfed in noxious fumes.
The wolf appears confused.
Casting: Blink (safe; 4% risk of failure)
Confirm with . or Enter, or press ? or * to list all spells.
Okay, then.
Okay, then.
You feel better.
The wolf is engulfed in noxious fumes.
The komodo dragon bites itself!!
The komodo dragon seems less confused.
The wolf is engulfed in noxious fumes.
The wolf appears confused.
The wolf is engulfed in noxious fumes. x2
The wolf appears confused.
The wolf bites the fungus.
The fungus begins to die.
The wolf bites the fungus.
Found a stone staircase leading down.
The wolf closely misses itself.
The komodo dragon hisses menacingly.
Casting: Blink (safe; 4% risk of failure)
Confirm with . or Enter, or press ? or * to list all spells.
You blink.
A nearby fungus withers and dies.
Ru believes you are ready to make a new sacrifice.
Okay, then.
Okay, then.
You feel stable enough to blink again.
Casting: Blink (safe; 4% risk of failure)
Confirm with . or Enter, or press ? or * to list all spells.
You blink.
The komodo dragon completely misses you.
Okay, then.
You redirect the komodo dragon's attack!
The komodo dragon bites the yak!
The yak dies!
The wolf closely misses the wolf.
Your Staves skill increases to level 4!
You feel stable enough to blink again.
The komodo dragon bites you but does no damage.
Casting: Blink (safe; 4% risk of failure)
Confirm with . or Enter, or press ? or * to list all spells.
You blink.
Unknown command.
The wolf bites you but does no damage. The komodo dragon bites you!!
You feel threatened and lose the ability to read scrolls!
You die...

.............##.#####..
...................?....
..........................
.............h.............
...####......†.............
#.....#...........≈.≈.....
....>.#.........≈≈≈≈≈≈≈..#
.......#....l.h≈≈≈≈≈≈≈≈...
.....#.#.....@≈≈≈≈†≈≈≈≈≈.P
.##.....#.....≈≈≈≈.≈≈≈≈..#
.....##....≈≈≈≈.<≈≈≈≈...
.... #.....≈≈≈≈.≈≈≈≈..# ##.
#P.....≈≈≈≈≈≈≈≈≈≈.. #
##.....≈≈≈≈≈≈≈≈....
.......≈≈≈≈≈≈≈≈...
.......≈.......
..............


You could see a komodo dragon and 2 wolves.

Vanquished Creatures
  2 death yaks (D:9)
  Joseph (D:7)
  3 yaks (Lair:1)
  A steam dragon (D:8)
  Duvessa (D:4)
  2 orc warriors (D:7)
  An ogre (D:6)
  2 sky beasts (D:5)
  A wolf (Lair:1)
  2 lemures (D:4)
  A phantom (D:5)
  2 kobold brigands (D:6)
  2 bullfrogs (D:8)
  6 scorpions
  A water moccasin zombie (D:7)
  Dowan (D:4)
  2 killer bees (D:9)
  7 wights
  An electric eel (D:6)
  3 centaur zombies
  2 hounds
  An orc priest (D:7)
  A jelly (D:8)
  A gnoll shaman (D:4)
  Terence (D:2)
  2 iguanas (D:6)
  A hell rat (D:9)
  6 orc wizards
  A howler monkey zombie (D:5)
  14 gnolls
  A howler monkey skeleton (D:6)
  7 adders
  3 river rats (D:9)
  A white imp (D:8)
  An adder skeleton (D:4)
  2 worms (D:3)
  A dart slug (D:2)
  21 orcs
  9 ball pythons
  4 bats
  5 endoplasms
  3 giant cockroaches
  2 goblins (D:2)
  6 hobgoblins
  2 quokkas
  2 frilled lizards (D:2)
  36 kobolds
  5 rats
183 creatures vanquished.

Vanquished Creatures (collateral kills)
  2 killer bees (D:9)
  A wight (D:7)
  A bullfrog skeleton (D:6)
  A scorpion zombie (D:5)
  An orc wizard (D:5)
  4 gnolls
  2 orcs
  A kobold (D:6)
13 creatures vanquished.

Vanquished Creatures (others)
  A yak (Lair:1)
  A killer bee (D:9)
  An orc priest (D:7)
  A fungus (Lair:1)
  A plant (D:2)
5 creatures vanquished.

Grand Total: 201 creatures vanquished

Notes
Turn   | Place    | Note
-------+----------+-------------------------------------------
     0 | D:1      | Wobbu the Naga Hedge Wizard began the quest for the Orb.
     0 | D:1      | Reached XP level 1. HP: 15/15 MP: 4/4
   636 | D:2      | Reached XP level 2. HP: 22/22 MP: 0/6
   901 | D:2      | Learned a level 1 spell: Slow
   904 | D:2      | Learned a level 2 spell: Blink
   909 | D:2      | Reached skill level 2 in Conjurations
   912 | D:2      | Learned a level 2 spell: Call Imp
   988 | D:2      | Found a faded altar of an unknown god.
  1041 | D:2      | Found a shimmering altar of Xom.
  1070 | D:2      | Prayed at the altar of an unknown god.
  1070 | D:2      | Became a worshipper of Ru the Awakened
  1075 | D:2      | Gained mutation: You cannot study or use magical devices.
                  | [Ru sacrifice]
  1075 | D:2      | Reached * piety under Ru
  1075 | D:2      | Reached ** piety under Ru
  1106 | D:2      | Reached XP level 3. HP: 18/28 MP: 0/7
  1169 | D:2      | Learned a level 1 spell: Apportation
  1608 | D:2      | Noticed Terence
  1619 | D:2      | Killed Terence
  1620 | D:2      | Reached XP level 4. HP: 7/36 MP: 1/9
  2472 | D:3      | Reached skill level 3 in Conjurations
  3065 | D:4      | Reached XP level 5. HP: 38/42 MP: 8/11
  3094 | D:4      | Learned a level 3 spell: Conjure Flame
  3243 | D:4      | Found a shimmering altar of Xom.
  3243 | D:4      | Found an ornate altar of the Wu Jian Council.
  3417 | D:4      | Found a hide-covered altar of Uskayaw.
  3661 | D:4      | Found an opulent altar of Gozag.
  3720 | D:4      | Noticed Duvessa
  3758 | D:4      | Killed Duvessa
  3759 | D:4      | Reached skill level 5 in Spellcasting
  3759 | D:4      | Reached skill level 4 in Conjurations
  3759 | D:4      | Reached XP level 6. HP: 30/49 MP: 2/13
  4110 | D:4      | Noticed Dowan
  4119 | D:4      | Killed Dowan
  4120 | D:4      | Reached XP level 7. HP: 47/55 MP: 8/15
  4292 | D:4      | Noticed Pikel
  4350 | D:4      | Learned a level 3 spell: Tukima's Dance
  4354 | D:4      | Learned a level 3 spell: Mephitic Cloud
  4601 | D:4      | Reached skill level 5 in Conjurations
  4781 | D:5      | Entered Level 5 of the Dungeon
  4826 | D:5      | Reached skill level 1 in Poison Magic
  4885 | D:5      | Reached skill level 1 in Air Magic
  4974 | D:5      | Found a broken altar of Ashenzari.
  4978 | D:5      | Found a sacrificial altar of Ru.
  4979 | D:5      | Found a snail-covered altar of Cheibriados.
  5485 | D:5      | Reached XP level 8. HP: 62/62 MP: 9/16
  6080 | D:5      | Gained mutation: You are frail. (-10% HP) [Ru sacrifice]
  6080 | D:5      | Reached *** piety under Ru
  6080 | D:5      | Reached **** piety under Ru
  6092 | D:5      | Found a blossoming altar of Fedhas.
  6233 | D:5      | Found a sparkling altar of Nemelex Xobeh.
  6283 | D:5      | Found a stormy altar of Qazlal.
  6763 | D:6      | Found a staircase to the Ecumenical Temple.
  6956 | D:6      | Reached skill level 6 in Conjurations
  7301 | D:6      | Identified the +2 scale mail "Forget-Me-Not" {rN+ Int+3
                  | Stlth-}
  8639 | D:6      | Reached skill level 7 in Conjurations
  9352 | D:6      | Identified a scroll of acquirement
  9352 | D:6      | Acquired the +3 Elemental Staff {rElec rF++ rC++ AC+5}
  9352 | D:6      | Found the +3 Elemental Staff {rElec rF++ rC++ AC+5}
  9437 | D:7      | Reached XP level 9. HP: 58/61 MP: 16/20
  9579 | D:7      | Gained mutation: You sometimes lose the ability to read
                  | scrolls when taking damage. [Ru sacrifice]
  9579 | D:7      | Reached ***** piety under Ru
 10060 | D:7      | Noticed Joseph
 10160 | D:7      | Killed Joseph
 10161 | D:7      | Reached skill level 8 in Conjurations
 11330 | D:8      | Reached skill level 9 in Conjurations
 11986 | D:9      | Noticed a death yak
 11987 | D:9      | Noticed a death yak
 11992 | D:9      | Noticed a death yak
 11993 | D:9      | Killed a death yak
 11994 | D:9      | Reached XP level 10. HP: 57/67 MP: 11/23
 12003 | D:9      | Found a staircase to the Lair.
 12035 | D:9      | Gained mutation: Your magical capacity is low. (-10% MP)
                  | [potion of mutation]
 12035 | D:9      | Gained mutation: You are dopey. (Int -2) [potion of
                  | mutation]
 12037 | D:9      | HP: 1/67 [river rat (6)]
 12053 | D:9      | Killed a death yak
 12570 | Lair:1   | Entered Level 1 of the Lair of Beasts
 12588 | Lair:1   | Reached skill level 10 in Conjurations
 12597 | Lair:1   | HP: 1/67 [wolf (9)]
 12618 | Lair:1   | Mangled by a komodo dragon

Illustrated notes

Levels and vault maps discovered:
D:1:      minmay_arrival_solitary_statue, layout_basic
D:2:      layout_basic, basic_altar, shapermc_ecumenical_altar_mp_ritualfount,
          minmay_heptomino_l4, uniq_terence
D:3:      layout_basic, serial_glass, glass_columns_a, glass_columns_a,
          feat_on_display, feat_on_display, item_on_display_a
D:4:      layout_basic, kennysheep_little_box, gammafunk_temple_overflow_claw,
          uniq_duvessa, uniq_pikel
D:5:      layout_rooms, nicolae_overflow_hidden_temple, minitemple,
          mainiacjoe_overflow_brackets
D:6:      minmay_goblin_kobold_castle, layout_cave_pools,
          minmay_temple_entry_ruins, minmay_strange_pillars,
          kennysheep_crisscross
D:7:      layout_loops_cross, uniq_joseph
D:8:      layout_loops_ring
D:9:      layout_irregular_city, dpeg_lair_monsters
Lair:1:   layout_regular_city, infiniplex_staircase_pool_2, grunt_megastairs_4

Skill      XL: |  1  2  3  4  5  6  7  8  9 10 |
---------------+-------------------------------+-----
Conjurations   | 2 3 4 5 7 9 10 | 10.1
Spellcasting   | 4 5 7 9 |  9.7
Poison Magic   | 3 |  3.0
Air Magic      | 2 3 |  3.0
Staves         | 2 4 |  4.0
Dodging        | |  1.5
Stealth        | |  3.0
Summonings     | |  1.0
Translocations | |  1.0

Action                   |  1- 3 |  4- 6 |  7- 9 | 10-12 || total
-------------------------+-------+-------+-------+-------++-------
Melee: Dagger            |     3 |    13 |   177 |       ||   193
       Staff             |       |       |    96 |    50 ||   146
       Punch             |       |       |     2 |       ||     2
Throw: Dart              |       |       |     1 |       ||     1
 Cast: Magic Dart        |    25 |    55 |   193 |       ||   273
       Slow              |     4 |     7 |     2 |       ||    13
       Call Imp          |     1 |     8 |    21 |     1 ||    31
       Blink             |       |       |     6 |     8 ||    14
       Mephitic Cloud    |       |       |    12 |     7 ||    19
       Tukima's Dance    |       |       |     1 |       ||     1
Invok: Sacrifice Artific |     1 |       |       |       ||     1
       Sacrifice Health  |       |       |     1 |       ||     1
       Apocalypse        |       |       |     4 |     1 ||     5
       Power Leap        |       |       |     1 |     1 ||     2
       Sacrifice Words   |       |       |     1 |       ||     1
       Draw Out Power    |       |       |       |     1 ||     1
 Abil: Spit Poison       |    26 |    40 |    62 |       ||   128
  Use: Potion            |       |     2 |     1 |     7 ||    10
       Scroll            |       |     7 |     3 |       ||    10
 Stab: Sleeping          |       |     2 |     1 |       ||     3
       Invisible         |       |     1 |     2 |       ||     3
       Confused          |       |       |     8 |     3 ||    11
       Paralysed         |       |       |       |    15 ||    15
Armor: Robe              |     2 |     2 |    15 |       ||    19
       Leather armour    |       |       |   169 |    39 ||   208
Dodge: Dodged            |     2 |    16 |   143 |    28 ||   189
